 Dungeon Crawl Stone Soup version 0.28-a0-1545-g945cd3f27e (webtiles) character file.

Game seed: 15532412568759165050

95 BritishOli the Chopper (level 4, -5/34 HPs)
             Began as a Demonspawn Gladiator on Jan 18, 2022.
             Splashed by a jelly's acid (9 damage)
             ... on level 3 of the Dungeon.
             The game lasted 00:03:16 (2598 turns).

BritishOli the Chopper (Demonspawn Gladiator)       Turns: 2598, Time: 00:03:17

Health: -5/34      AC: -3    Str: 16    XL:     4   Next: 40%
Magic:  4/4        EV: 12    Int: 10    God:
Gold:   100        SH:  0    Dex: 14    Spells: 3/3 levels left

rFire   . . .      SeeInvis .   a - +0 war axe
rCold   . . .      Faith    .   (no shield)
rNeg    . . .      Spirit   .   b - +0 leather armour
rPois   .          Reflect  .   c - +0 helmet
rElec   .          Harm     .   (no cloak)
rCorr   .          Rampage  .   (no gloves)
Will    .....                   (no boots)
Stlth   +.........              (no amulet)
HPRegen 0.11/turn               (no ring)
MPRegen 0.09/turn               (no ring)

@: corroded
A: foul stench 2, demonic touch 1
a: no special abilities


You were on level 3 of the Dungeon.
You visited 1 branch of the dungeon, and saw 3 of its levels.

You collected 100 gold pieces.

Inventory:

Hand Weapons
 a - a +0 war axe (weapon)
Missiles
 d - 3 throwing nets (quivered)
Armour
 b - a +0 leather armour (worn)
 c - a +0 helmet (worn)
Wands
 i - a wand of paralysis (8)
Scrolls
 j - a scroll of identify {unknown}
 k - a scroll of teleportation {unknown}
 m - a scroll of fear {unknown}
Potions
 e - 4 potions of curing {unknown}
 f - 2 potions of flight {unknown}
 g - a potion of might {unknown}
 h - 2 potions of heal wounds {unknown}
 l - a potion of resistance {unknown}
 n - a potion of attraction {unknown}


   Skills:
 + Level 2.7 Fighting
 + Level 3.2 Axes
 + Level 2.5 Throwing
 + Level 1.3 Armour
 + Level 3.1 Dodging


You had 3 spell levels left.
You didn't know any spells.
Your spell library contained the following spells:

 Spells                   Type           Power      Damage    Failure   Level
 Animate Skeleton         Necr           0%         N/A       43%         1
 Apportation              Tloc           0%         N/A       43%         1
 Summon Small Mammal      Summ           0%         N/A       43%         1
 Ozocubu's Armour         Ice            0%         N/A       80%         3
 Tukima's Dance           Hex            0%         N/A       80%         3
 Anguish                  Hex/Necr       0%         N/A       99%         4
 Enfeeble                 Hex            0%         N/A       100%        7
 Ozocubu's Refrigeration  Ice            0%         4d5       100%        7


Dungeon Overview and Level Annotations

Branches:
Dungeon (3/15)

Altars:
Xom
Zin
The Shining One


Innate Abilities, Weirdness & Mutations

You sometimes emit foul miasma when damaged in melee.
Your touch may inflict minor irresistible damage on your foes.


Message History

The hobgoblin barely misses you.
You slash the hobgoblin!
You kill the hobgoblin!
You see here a +0 trident.
Found a short smoking staff.
No target in view!
Found a glowing golden altar of the Shining One.
A jelly comes into view.
The jelly quivers.
Found a shimmering altar of Xom.
A jelly is nearby!
Found a glowing silver altar of Zin.
A jelly is nearby!
The jelly completely misses you.
You hit the jelly.
Your hands burn!
The jelly is lightly wounded.
The jelly hits you but does no damage. The jelly barely misses you.
You hit the jelly but do no damage.
Your hands burn!
The jelly is lightly wounded.
The jelly closely misses you.
Unknown command.
You hit the jelly.
Your hands burn!
The jelly is heavily wounded.
The jelly misses you.
You hit the jelly. The acid corrodes you!
Your hands burn!
The jelly is severely wounded.
The jelly closely misses you.
You barely miss the jelly. Your touch misses the jelly.
The jelly is severely wounded.
The jelly hits you. The acid corrodes you!
You are splashed with acid.
The jelly closely misses you.
You are too injured to fight recklessly!
You are too injured to fight recklessly!
You hit the jelly but do no damage.
Your hands burn!
* * * LOW HITPOINT WARNING * * *
The jelly is severely wounded.
The jelly hits you.
* * * LOW HITPOINT WARNING * * *
You are splashed with acid!
You die...

#############
############### .....#
#.............# #
.._...##############.###
..._..#................
#....###############.#
#._.###############.#
###
#...#................
..#
#..J#..........)....>
###
#...@..#####.######..
#..#..## #.#.......
#.|...# #.#....... ###
##.#..######.#.......
..#
#............#.......
..#
#...#.#####..#.......
##############.##.#
#..#.......
#..............#
#..#.......
####.##.######.####
##.#.......


You could see a jelly.

Vanquished Creatures
  Robin (D:3)
  2 adders (D:2)
  2 dart slugs
  2 orcs
  3 ball pythons
  An endoplasm (D:3)
  3 giant cockroaches (D:1)
  6 hobgoblins
  7 jackals (D:3)
  A quokka (D:3)
  3 bats
  A frilled lizard (D:3)
  12 goblins
  5 kobolds
  3 rats
52 creatures vanquished.

Notes
Turn   | Place    | Note
-------+----------+-------------------------------------------
     0 | D:1      | BritishOli the Demonspawn Gladiator began the quest for the
                  | Orb.
     0 | D:1      | Reached XP level 1. HP: 16/16 MP: 1/1
   356 | D:1      | Found a faded altar of an unknown god.
   489 | D:1      | Gained mutation: You may rarely emit foul miasma when
                  | damaged in melee. [demonic ancestry]
   489 | D:1      | Reached XP level 2. HP: 20/22 MP: 2/2
  1208 | D:2      | Gained mutation: You sometimes emit foul miasma when
                  | damaged in melee. [demonic ancestry]
  1208 | D:2      | Reached XP level 3. HP: 28/28 MP: 3/3
  1225 | D:2      | Reached skill level 1 in Armour
  1878 | D:3      | Noticed Robin
  1895 | D:3      | Gained mutation: Your touch may inflict minor irresistible
                  | damage on your foes. [demonic ancestry]
  1895 | D:3      | Reached XP level 4. HP: 16/34 MP: 4/4
  1898 | D:3      | Killed Robin
  2590 | D:3      | Found a shimmering altar of Xom.
  2598 | D:3      | Splashed by a jelly's acid

Illustrated notes

Levels and vault maps discovered:
D:1:      saegor_arrival_simple_b, layout_basic, ebering_ecumenical_altar_box,
          serial_bayou_lagoon_b
D:2:      layout_basic, amcnicky_mini_corridor_feature,
          kennysheep_decorative_pillar
D:3:      layout_basic, nicolae_overflow_hallway_of_the_gods, uniq_robin

Skill      XL: |  1  2  3 |
---------------+----------+-----
Throwing       | 2 |  2.5
Axes           | 3 |  3.2
Armour         | 1 |  1.3
Dodging        | 3 |  3.1
Fighting       | |  2.7

Action                   |  1- 3 |  4- 6 || total
-------------------------+-------+-------++-------
Melee: War axe           |    94 |    26 ||   120
       Touch             |       |     2 ||     2
 Stab: Sleeping          |     1 |       ||     1
Armor: Leather armour    |    32 |    10 ||    42
Dodge: Dodged            |    75 |    31 ||   106

Table legend: (Time is in decaauts)
 A = Elapsed time spent in this place.
 B = Non-inter-level travel time spent in this place.
 C = Inter-level travel time spent in this place.
 D = Time resting spent in this place.
 E = Time spent auto-exploring this place.
 F = Levels seen in this place.
 G = Mean time per level.
                   A        B        C        D        E       F      G
               +--------+--------+--------+--------+--------+-----+--------+
         Total |   2663 |   2599 |     64 |    185 |   2101 |   3 |  887.7 |
       Dungeon |   2663 |   2599 |     64 |    185 |   2101 |   3 |  887.7 |
               +--------+--------+--------+--------+--------+-----+--------+

Top non-repeatable levels by time:
     D:1: 952 daAuts
     D:3: 918 daAuts
     D:2: 793 daAuts
